 Dungeon Crawl Stone Soup version 0.14.1-11-gf908b15 (webtiles) character file.

321 Kae the Firebug (level 5, -1/28 HPs)
             Began as a Tengu Fire Elementalist on June 1, 2014.
             Slain by an orc wizard
             ... wielding a +0,+0 dagger
              (2 damage)
             ... on Level 3 of the Dungeon.
             The game lasted 00:06:45 (2775 turns).

Kae the Firebug (Tengu Fire Elementalist)           Turns: 2775, Time: 00:06:45

HP  -1/28        AC  2     Str  8      XL: 5   Next: 44%
MP   2/12        EV 16     Int 16      God:
Gold 158         SH  0     Dex 15      Spells:  1 memorised,  8 levels left

rFire  . . .     SeeInvis .     h - +0,+1 short sword
rCold  . . .     Clarity  .     a - +0 robe
rNeg   . . .     Conserve .     (no shield)
rPois  .         rCorr    .     (helmet restricted)
rElec  .         rRot     .     (no cloak)
SustAb . .       Spirit   .     (no gloves)
rMut   .         Warding  .     (boots unavailable)
Saprov . . .     Stasis   .     (no amulet)
MR     +....                    j - ring of protection from magic {unknown}
                                d - +4 ring of evasion

@: very slightly contaminated, somewhat resistant to hostile enchantments,
fairly stealthy
A: able to fly, beak, talons 3
a: Fly


You were on level 3 of the Dungeon.
You were not hungry.

You visited 1 branch of the dungeon, and saw 3 of its levels.

You collected 158 gold pieces.

Inventory:

Hand weapons
 h - a +0,+1 short sword (weapon)
Armour
 a - a +0 robe (worn)
Magical devices
 t - a wand of digging (16) {unknown}
Comestibles
 c - a bread ration
 f - a lychee
 n - a choko
 o - a cheese
 w - a meat ration
 z - a rotting chunk of rat flesh
 B - 2 chunks of jackal flesh
Scrolls
 g - a scroll of identify
 i - 2 scrolls of amnesia
Jewellery
 d - a +4 ring of evasion (left hand)
 j - a ring of protection from magic (right hand) {unknown}
 u - a +1 ring of dexterity {unknown}
 y - a cursed -5 ring of protection {unknown}
Potions
 k - a potion of mutation {unknown}
 l - a potion of haste {unknown}
 m - a potion of confusion {unknown}
 p - a potion of curing
 s - a potion of might {unknown}
 v - a potion of cure mutation {unknown}
 x - a potion of beneficial mutation {unknown}
 D - a potion of degeneration {unknown}
Books
 b - a book of Flames

   Spells                             Type                      Level
   *Flame Tongue                      Conjuration/Fire             1
   Throw Flame                        Conjuration/Fire             2
   Conjure Flame                      Conjuration/Fire             3
   Inner Flame                        Hexes/Fire                   3
   Sticky Flame                       Conjuration/Fire             4
   Fireball                           Conjuration/Fire             5


   Skills:
 - Level 2.1 Dodging
 - Level 2.0 Stealth
 + Level 2.9 Spellcasting
 * Level 3.6 Conjurations
 * Level 5.2 Fire Magic


You had 8 spell levels left.
You knew the following spells:

 Your Spells              Type           Power        Failure   Level  Hunger
a - Flame Tongue          Conj/Fire      ###..        3%          1    #......


Dungeon Overview and Level Annotations

Branches:
Dungeon (3/15)

Altars:


Innate Abilities, Weirdness & Mutations

You can fly.
You have a beak for a mouth.
You have claws for feet.


Message History

* * * LOW HITPOINT WARNING * * *
Read which item? (? for menu, Esc to quit)
As you read the scroll labeled DYMAXZ YKUORIE, it crumbles to dust.
You feel blessed for a moment.
It was a scroll of remove curse.
The orc wizard hits you with a flail.
* * * LOW HITPOINT WARNING * * *
Something barely misses you.
Read which item? (? for menu, Esc to quit)
As you read the scroll labeled PSESCH PNEINISM, it crumbles to dust.
It is a scroll of enchant weapon II.
Enchant which weapon? (? for menu, Esc to quit)
Your +0,+0 short sword glows red for a moment.
Something hits you.
* * * LOW HITPOINT WARNING * * *
The orc wizard closely misses you.
Read which item? (? for menu, Esc to quit)
As you read the scroll labeled PHUTYV ZASTRULO, it crumbles to dust.
You feel aware of your surroundings.
It was a scroll of magic mapping.
Something hits you.
You die...

########################
#.....o..>..............
#.....#@................
#.o#..#......#####..##..
#.,#..#......# #..##..
#,,#..#......# #..##..
*,,#..#..%...# #..##..
*,,#..#......# #..##..
*,,#..#......# #..##..
*,,*..#......# #..##..
*,,*,,#......# #..##..


You could see an orc wizard.

Vanquished Creatures
  A scorpion (D:3)
  4 adders
  A worm (D:2)
  4 giant geckos
  3 oozes
  An orc (D:3)
  A ball python (D:3)
  2 giant cockroaches
  9 goblins
  5 hobgoblins
  4 jackals (D:3)
  7 kobolds
  2 quokkas
  7 bats
  4 giant newts
  11 rats
66 creatures vanquished.

Notes
Turn   | Place    | Note
--------------------------------------------------------------
     0 | D:1      | Kae, the Tengu Fire Elementalist, began the quest for the Orb.
     0 | D:1      | Reached XP level 1. HP: 10/10 MP: 3/3
   150 | D:1      | Reached XP level 2. HP: 9/15 MP: 5/5
  1008 | D:2      | Reached skill level 4 in Fire Magic
  1009 | D:2      | Reached XP level 3. HP: 2/19 MP: 1/7
  1616 | D:2      | Reached XP level 4. HP: 18/24 MP: 3/9
  1904 | D:3      | Reached XP level 5. HP: 28/28 MP: 7/11
  2160 | D:3      | Reached skill level 5 in Fire Magic
  2208 | D:3      | HP: 1/28 [orc wizard/puff of flame (9)]
  2774 | D:3      | HP: 1/28 [something (1)]
  2775 | D:3      | Slain by an orc wizard

Action                   |  1- 3 |  4- 6 || total
-------------------------+-------+-------++-------
Melee: Unarmed           |    31 |       ||    31
       Short sword       |    29 |    71 ||   100
 Cast: Flame Tongue      |    23 |    29 ||    52
  Use: Scroll            |       |     5 ||     5
       Potion            |       |     2 ||     2
 Stab: Sleeping          |     3 |     1 ||     4
       Distracted        |     1 |       ||     1
